 Dungeon Crawl Stone Soup version 0.17-a0-377-gdd46233 (webtiles) character file.

83 xeno23 the Skirmisher (level 4, 0/50 HPs)
             Began as an Ogre Fighter on Apr 1, 2015.
             Slain by a goblin (4 damage)
             ... led by Robin
             ... on level 2 of the Dungeon.
             The game lasted 00:04:34 (1736 turns).

xeno23 the Skirmisher (Ogre Fighter)                Turns: 1736, Time: 00:04:35

Health: 0/50       AC:  3    Str: 21    XL:     4   Next: 44%
Magic:  4/4        EV:  8    Int:  7    God:
Gold:   46         SH:  8    Dex: 10    Spells: 0 memorised, 3 levels left

rFire  . . .     SeeInvis +     a - +0 flail
rCold  . . .     Clarity  .     b - +0 robe
rNeg   + . .     SustAb   .     c - +0 shield
rPois  .         Gourm    .     (helmet restricted)
rElec  .         Spirit   .     (no cloak)
rCorr  .         Warding  .     (gloves unavailable)
rMut   .         Stasis   .     (boots unavailable)
MR     .....                    (no amulet)
Stlth  +.........               r - ring of positive energy
                                i - ring of see invisible

@: not resistant to hostile enchantments, very unstealthy
A: unfitting armour, tough skin 1
a: no special abilities


You were on level 2 of the Dungeon.
You were not hungry.

You visited 1 branch of the dungeon, and saw 2 of its levels.

You collected 46 gold pieces.

Inventory:

Hand weapons
 a - a +0 flail (weapon)
Armour
 b - a +0 robe (worn)
 c - a +0 shield (worn)
Magical staves
 o - an uncursed staff of fire
Jewellery
 i - a ring of see invisible (left hand)
 r - a ring of positive energy (right hand)
Scrolls
 g - 2 scrolls of enchant armour {unknown}
 j - a scroll of noise {unknown}
 k - 2 scrolls of identify {unknown}
 m - a scroll of immolation {unknown}
 n - a scroll of amnesia {unknown}
 p - a scroll of fog {unknown}
Potions
 e - 2 potions of might
 h - 2 potions of agility {unknown}
 l - a potion of flight {unknown}
 s - a potion of haste {unknown}
Comestibles
 d - 2 bread rations
 f - a meat ration
 q - 2 chunks of flesh


   Skills:
 + Level 5.0 Fighting
 + Level 3.6 Maces & Flails
 + Level 3.2 Dodging
 + Level 3.2 Shields


You had 3 spell levels left.
You didn't know any spells.

Dungeon Overview and Level Annotations

Branches:
Dungeon (2/15)

Altars:
Fedhas
Kikubaaqudgha

Annotations:
D:2 Robin


Innate Abilities, Weirdness & Mutations

You are too large for most types of armour.
You have tough skin (AC +1).


Message History

You block the goblin's attack. The jackal closely misses you.
The goblin hits you.
* * * LOW HITPOINT WARNING * * *
The goblin hits you with a club.
* * * LOW HITPOINT WARNING * * *
The goblin hits you.
* * * LOW HITPOINT WARNING * * *
You take 14 damage.
You miss the goblin. The jackal misses you. You block the goblin's attack.
You block the goblin's attack. The goblin closely misses you.
You block the goblin's attack. The jackal barely misses you.
Unknown command.
You sock the goblin!
You kill the goblin!
You block the goblin's attack. The goblin hits you.
* * * LOW HITPOINT WARNING * * *
You block the jackal's attack. The goblin hits you.
* * * LOW HITPOINT WARNING * * *
The goblin hits you.
You die...

################
##≈≈..#.g)#gg....#
#≈≈≈. +.)@hgg....#
##≈≈≈ #.gg#g...).#
#≈≈#########..##''#
##≈≈#....).....# ..#
######...'..........#
g.#
.........'..........#


gg# ##.###...'..........# ..# #.# ##≈≈#..........# ..# #.# #≈≈#########..# ..#
You could see a jackal, 5 hobgoblins and 3 goblins.

Vanquished Creatures
  3 adders (D:2)
  A worm (D:2)
  3 giant geckos
  4 hobgoblins
  3 jackals (D:2)
  3 bats
  2 giant newts (D:1)
  15 goblins
  3 kobolds (D:2)
  10 rats
47 creatures vanquished.

Notes
Turn   | Place    | Note
--------------------------------------------------------------
     0 | D:1      | xeno23, the Ogre Fighter, began the quest for the Orb.
     0 | D:1      | Reached XP level 1. HP: 24/24 MP: 1/1
   338 | D:1      | Reached XP level 2. HP: 25/32 MP: 2/2
   805 | D:2      | Reached XP level 3. HP: 40/40 MP: 3/3
   808 | D:2      | Found a blossoming altar of Fedhas.
   809 | D:2      | Found an ancient bone altar of Kikubaaqudgha.
   925 | D:2      | HP: 1/41 [adder (2)]
  1343 | D:2      | Reached XP level 4. HP: 25/49 MP: 4/4
  1650 | D:2      | Reached skill level 5 in Fighting
  1715 | D:2      | Noticed Robin
  1736 | D:2      | Slain by a goblin

Action                   |  1- 3 |  4- 6 || total
-------------------------+-------+-------++-------
Melee: Flail             |   145 |    41 ||   186
  Use: Potion            |     1 |       ||     1
  Eat: Chunk             |     1 |     2 ||     3
